 Dungeon Crawl Stone Soup version 0.15-a0-1766-g0ee8742 (webtiles) character file.

184 FiftyNine the Ruffian (level 5, -10/50 HPs)
             Began as a Troll Monk on June 28, 2014.
             Killed by divine providence
             ... invoked by an orc priest
              (13 damage)
             ... on Level 4 of the Dungeon.
             The game lasted 00:10:20 (2857 turns).

FiftyNine the Ruffian (Troll Monk)                  Turns: 2857, Time: 00:10:21

HP -10/50        AC  5     Str 19      XL: 5   Next: 36%
MP   2/2         EV 10     Int  6      God:
Gold 134         SH  0     Dex 13      Spells:  0 memorised,  4 levels left

rFire  . . .     SeeInvis .       - Unarmed
rCold  . . .     Clarity  .     a - +0 robe
rNeg   + . .     rCorr    .     (shield restricted)
rPois  .         rRot     .     (helmet restricted)
rElec  .         Spirit   .     (no cloak)
SustAb .         Warding  .     (gloves unavailable)
rMut   +         Stasis   .     (boots unavailable)
Gourm  +                        l - cursed amulet of resist mutation
MR     .....                    (no ring)
                                n - ring of positive energy

@: slowed, very slow, not resistant to hostile enchantments, very unstealthy
A: unfitting armour, claws 3, fast metabolism 3, gourmand, regeneration 2,
saprovore 2, shaggy fur 1, tough skin 2
a: no special abilities


You were on level 4 of the Dungeon.
You were hungry.

You visited 1 branch of the dungeon, and saw 4 of its levels.

You collected 134 gold pieces.

Inventory:

Missiles
 k - 3 tomahawks (quivered)
Armour
 a - a +0 robe (worn)
Comestibles
 b - 5 meat rations
 c - 3 bread rations
 s - a slice of pizza
Scrolls
 f - a scroll of fear {unknown}
 g - 2 scrolls of identify {unknown}
 h - 2 scrolls of remove curse {unknown}
 m - a scroll of noise {unknown}
 o - a scroll of magic mapping {unknown}
 p - 3 scrolls of teleportation {unknown}
Jewellery
 e - an uncursed amulet of guardian spirit
 l - a cursed amulet of resist mutation (around neck)
 n - a ring of positive energy (left claw)
 q - an uncursed ring of positive energy
Potions
 d - a potion of restore abilities {unknown}
 i - a potion of curing {unknown}
 j - a potion of brilliance {unknown}
 r - a potion of mutation {unknown}


   Skills:
 - Level 2.4 Fighting
 - Level 2.4 Dodging
 - Level 1.1 Stealth
 + Level 6.7 Unarmed Combat


You had 4 spell levels left.
You didn't know any spells.

Dungeon Overview and Level Annotations

Branches:
Dungeon (4/15)
 Temple: D:4-7

Altars:
Sif Muna
Yredelemnul
The Shining One

Shops:
D:4 :


Innate Abilities, Weirdness & Mutations

You are too large for most types of armour.
You have claws for hands.
Your metabolism is lightning-fast.
You like to eat raw meat.
You heal very quickly.
You can eat rotten meat.
You are covered in fur (AC +1).
You have very tough skin (AC +2).


Message History

The orc wizard blinks!
The orc priest calls down the wrath of Beogh upon you.
Something smites you!
The orc priest becomes somewhat translucent.
The orc misses you.
An iguana comes into view.
The iguana hisses angrily.
Found a stone staircase leading down.
The orc wizard gestures at you while chanting.
The magic dart hits you!
* * * LOW HITPOINT WARNING * * *
The orc priest invokes the aid of Beogh against you.
Something smites you!
* * * LOW HITPOINT WARNING * * *
There is a stone staircase leading up here.
The orc wizard hits you but does no damage.
The iguana bites you but does no damage.
The orc priest calls down the wrath of Beogh upon you.
Something smites you!
You die...

#.######.....##.#
#.#.#..##
#....o.).....##.##
#.#......
########.....##..#
#........
##.#o####.#######.##.
#.#.##.....# #.##.
..#.##.#<#.#####(...
####o................
########o##.#.#.####...#.
.....>..@##.....# #.....
########l####.#.# #...#.
#.# #.#.# #..... #.#
#.#.# #.#.#. #.# #.#.#
##.#%#. #.# #.#.# #......
#.# .###....#. #.#
.......... ... ........∩#


You could see an iguana, an orc priest, an orc wizard and an orc.

Vanquished Creatures
  An iguana (D:4)
  An orc wizard (D:3)
  3 adders
  3 worms
  7 orcs
  2 giant cockroaches
  12 hobgoblins
  7 jackals
  A quokka (D:3)
  A ball python (D:3)
  8 bats
  A giant gecko (D:3)
  4 giant newts
  6 goblins
  A goblin zombie (D:1)
  11 kobolds
  8 rats
  A rat zombie (D:1)
78 creatures vanquished.

Notes
Turn   | Place    | Note
--------------------------------------------------------------
     0 | D:1      | FiftyNine, the Troll Monk, began the quest for the Orb.
     0 | D:1      | Reached XP level 1. HP: 22/22 MP: 1/1
   208 | D:1      | Reached XP level 2. HP: 29/29 MP: 1/1
   704 | D:1      | Reached skill level 5 in Unarmed Combat
   705 | D:1      | Reached XP level 3. HP: 36/36 MP: 2/2
  1387 | D:2      | Found a deep blue altar of Sif Muna.
  1681 | D:3      | Reached XP level 4. HP: 44/44 MP: 2/2
  2035 | D:3      | Reached skill level 6 in Unarmed Combat
  2191 | D:3      | Reached XP level 5. HP: 50/50 MP: 0/2
  2332 | D:3      | Found a glowing golden altar of the Shining One.
  2333 | D:3      | Noticed an angel
  2341 | D:3      | Found a basalt altar of Yredelemnul.
  2343 | D:3      | Noticed a profane servitor
  2725 | D:4      | Found Luaquiti's Book Shop.
  2856 | D:4      | HP: 2/50 [orc priest/divine providence (13)]
  2857 | D:4      | Killed from afar by an orc priest

Action                   |  1- 3 |  4- 6 || total
-------------------------+-------+-------++-------
Melee: Unarmed           |   107 |    88 ||   195
 Stab: Sleeping          |       |     1 ||     1
